 Dungeon Crawl Stone Soup version 0.19.0-18-g426998a (webtiles) character file.

76 HessuHobo the Poker (level 4, -8/34 HPs)
             Began as a Demonspawn Gladiator on Nov 11, 2016.
             Mangled by an iguana (13 damage)
             ... on level 3 of the Dungeon.
             The game lasted 00:10:30 (1903 turns).

HessuHobo the Poker (Demonspawn Gladiator)          Turns: 1903, Time: 00:10:30

Health: -8/34      AC:  5    Str: 16    XL:     4   Next: 12%
Magic:  4/4        EV: 13    Int: 10    God:
Gold:   78         SH:  0    Dex: 15    Spells: 0 memorised, 3 levels left

rFire  . . .     SeeInvis .     a - +0 trident
rCold  . . .     Gourm    .     b - +1 leather armour
rNeg   . . .     Faith    .     (no shield)
rPois  .         Spirit   .     c - +0 helmet
rElec  .         Reflect  .     (no cloak)
rCorr  .         Harm     .     (no gloves)
MR     .....                    (no boots)
Stlth  ++........               (no amulet)
                                (no ring)
                                (no ring)

@: no status effects
A: thin skeletal structure 1
a: no special abilities


You were on level 3 of the Dungeon.
You were not hungry.

You visited 1 branch of the dungeon, and saw 3 of its levels.

You collected 78 gold pieces.

Inventory:

Hand Weapons
 a - a +0 trident (weapon)
Missiles
 k - 84 stones (quivered)
Armour
 b - a +1 leather armour (worn)
 c - a +0 helmet (worn)
 i - a +0 ring mail
Scrolls
 j - a scroll of recharging
 m - a scroll of random uselessness
 n - 2 scrolls of remove curse
 o - a scroll of blinking
Potions
 e - 2 potions of curing {unknown}
 l - a potion of degeneration {unknown}
Comestibles
 f - 3 bread rations
 g - a royal jelly


   Skills:
 + Level 2.4 Fighting
 + Level 3.5 Polearms
 + Level 1.9 Throwing
 + Level 1.0 Armour
 + Level 3.1 Dodging
 + Level 0.4 Stealth


You had 3 spell levels left.
You didn't know any spells.

Dungeon Overview and Level Annotations

Branches:
Dungeon (3/15)

Altars:
Nemelex Xobeh


Innate Abilities, Weirdness & Mutations

You have a somewhat thin skeletal structure. (Dex +2, Stealth)


Message History

The centaur shoots an arrow.
The arrow misses you.
The arrow hits the kobold.
The kobold dies!
The centaur shoots an arrow.
The arrow hits you!
Things that are here:
2 arrows; a club; a kobold corpse You closely miss the iguana.
The iguana misses you.
You hit the iguana.
The iguana is moderately wounded.
The centaur unwields an uncursed shortbow.
The centaur closely misses you. The iguana bites you!
You hit the iguana but do no damage.
The iguana is moderately wounded.
The centaur hits you.
* * * LOW HITPOINT WARNING * * *
The iguana misses you. The centaur hits you.
* * * LOW HITPOINT WARNING * * *
You hit the iguana but do no damage.
The iguana is moderately wounded.
The centaur misses you. The iguana bites you!
You die...

#########
#........ #####
#........
#....###((......
#...........(...
#.............).
#.....rc@.......
#.....gl........
#.....(#...#####
####..(#.#.8...
#..(..#.####
...$.#....#..
.....#....# ..
.... ##........
... $.!..#...


You could see a centaur, an iguana, a goblin and a rat.

Vanquished Creatures
  2 adders (D:2)
  A dart slug (D:2)
  5 leopard geckos
  An orc (D:2)
  4 giant cockroaches
  9 goblins
  8 hobgoblins
  2 ball pythons (D:2)
  4 bats
  4 frilled lizards
  4 kobolds
  3 rats (D:2)
47 creatures vanquished.

Vanquished Creatures (others)
  A kobold (D:3)
1 creature vanquished.

Grand Total: 48 creatures vanquished

Notes
Turn   | Place    | Note
-------+----------+-------------------------------------------
     0 | D:1      | HessuHobo the Demonspawn Gladiator began the quest for the Orb.
     0 | D:1      | Reached XP level 1. HP: 16/16 MP: 1/1
    56 | D:1      | Found a sparkling altar of Nemelex Xobeh.
   212 | D:1      | Gained mutation: You have a somewhat thin skeletal structure. (Dex +2, Stealth) [demonic ancestry]
   212 | D:1      | Reached XP level 2. HP: 16/22 MP: 2/2
   967 | D:2      | Reached XP level 3. HP: 27/27 MP: 3/3
  1333 | D:2      | Reached XP level 4. HP: 24/34 MP: 4/4
  1363 | D:2      | Reached skill level 1 in Armour
  1607 | D:3      | Noticed a centaur
  1903 | D:3      | Mangled by an iguana

Skill      XL: |  1  2  3  4 |
---------------+-------------+-----
Polearms       | 3 |  3.5
Dodging        | 3 |  3.1
Armour         | 1 |  1.0
Fighting       | |  2.4
Throwing       | |  1.9
Stealth        | |  0.4

Action                   |  1- 3 |  4- 6 || total
-------------------------+-------+-------++-------
Melee: Trident           |   121 |    35 ||   156
Throw: Throwing net      |     5 |     1 ||     6
  Use: Scroll            |     6 |     1 ||     7
       Potion            |     1 |       ||     1
 Stab: Sleeping          |     3 |       ||     3
       Held in net/web   |       |     1 ||     1
  Eat: Chunk             |     1 |     2 ||     3
Armor: Leather armour    |    33 |    11 ||    44
Dodge: Dodged            |    95 |    48 ||   143
